 Dungeon Crawl Stone Soup version 0.30.0-15-g856e2d3f33 (console) character file.

Game seed: 17277804958072031699

80616 jejorda2 the Peltast (level 15, -1/84 HPs)
             Began as a Vine Stalker Berserker on May 19, 2023.
             Was the Champion of Trog.
             Succumbed to Nessos's poison
             ... on level 14 of the Dungeon.
             The game lasted 00:53:02 (16664 turns).

jejorda2 the Peltast (Vine Stalker Berserker)      Turns: 16664, Time: 00:53:04

Health: -1/84      AC: 27    Str: 33    XL:     15   Next: 67%
Magic:  0/16       EV: 10    Int:  9    God:    Trog [******]
Gold:   2424       SH: 19    Dex: 14    Spells: 14/14 levels left

rFire   . . .        a - +8 quick blade "Aplug" {drain, Int+2}
rCold   . . .        D - +0 tower shield
rNeg    + . .        B - +7 scale mail of Least Resistance {Will+}
rPois   +            f - +2 helmet
rElec   .            v - +0 cloak
rCorr   .            k - +2 pair of gloves
SInv    .            K - +0 pair of boots
Will    ++++.        X - amulet "Qeukhlaz" {Faith -Cast rPois rN+} Stlth
                     H - +6 ring of strength
HPRegen 2.14/turn    P - +4 ring of protection
MPRegen 0.15/turn

%: no spellcasting, guardian spirit, faith
@: lethally poisoned (-1 -> -5), strong-willed, regenerating
A: fangs 3, regeneration 1, magic shield, antimagic bite, no potion heal 2
a: Renounce Religion, Berserk, Trog's Hand, Brothers in Arms


You were on level 14 of the Dungeon.
You worshipped Trog.
Trog was exalted by your worship.
You visited 2 branches of the dungeon, and saw 19 of its levels.
You also visited: Ossuary.

You collected 2424 gold pieces.

Inventory:

Hand Weapons
 a - the +8 quick blade "Aplug" (weapon) {drain, Int+2}
   (You acquired it on level 5 of the Dungeon)

   Int:       It affects your intelligence (+2).
 w - a +2 antimagic quick blade
 W - the +4 falchion of Discretion {flame, *Rage Will+ Dex+4 SInv}
   (You found it on level 10 of the Dungeon)

   Dex:       It affects your dexterity (+4).
   SInv:      It lets you see invisible.
   *Rage:     It berserks you when you make melee attacks (+20% chance).
   Will:      It increases your willpower.
Missiles
 h - 135 stones (quivered)
 j - 2 atropa-tipped darts
 t - 10 boomerangs
 L - 3 curare-tipped darts
 M - 10 javelins
 U - 19 poisoned darts
Armour
 f - a +2 helmet (worn)
 k - a +2 pair of gloves (worn)
 v - a +0 cloak (worn)
 B - the +7 scale mail of Least Resistance (worn) {Will+}
   (You found it on level 7 of the Dungeon)

   Will:      It increases your willpower.
 D - a +0 tower shield (worn)
 K - a +0 pair of boots (worn)
Jewellery
 A - a ring of protection from fire
 H - a +6 ring of strength (left hand)
 J - a ring of flight
 P - a +4 ring of protection (right hand)
 S - the ring of Hifixzuu {rC++ Will+ Int-4}
   (You found it on level 3 of the Lair of Beasts)

   [ring of willpower]

   Int:       It affects your intelligence (-4).
   rC:        It greatly protects you from cold.
   Will:      It increases your willpower.
 X - the amulet "Qeukhlaz" (around neck) {Faith -Cast rPois rN+}
   (You acquired it on level 11 of the Dungeon)

   [amulet of faith]

   It allows you to gain divine favour quickly.
   rPois:     It protects you from poison.
   rN:        It protects you from negative energy.
   -Cast:     It prevents spellcasting.
Wands
 e - a wand of polymorph (2)
 g - a wand of digging (7)
 u - a wand of flame (62)
 x - a wand of roots (24)
 C - a wand of mindburst (10)
 I - a wand of paralysis (13)
 Z - a wand of acid (8)
Scrolls
 c - a scroll of immolation
 p - 5 scrolls of fog
 r - 7 scrolls of identify
 F - a scroll of blinking
 G - a scroll of poison
 N - 4 scrolls of fear
 O - 4 scrolls of teleportation
 R - 2 scrolls of butterflies
Potions
 b - a potion of flight
 l - 5 potions of curing
 m - 3 potions of invisibility
 n - 3 potions of haste
 o - 3 potions of magic
 q - 3 potions of attraction
 z - 7 potions of mutation
 E - 3 potions of cancellation
 Q - 2 potions of ambrosia
 V - a potion of might
Miscellaneous
 d - a phial of floods
 T - a lightning rod (4/4)
 Y - a condenser vane


   Skills:
 - Level 12.0 Fighting
 - Level 7.7(8.0) Short Blades
 - Level 2.6(5.6) Long Blades
 + Level 9.4 Throwing
 - Level 6.0 Armour
 - Level 1.5 Dodging
 + Level 16.4 Shields
 - Level 8.0 Evocations


You had 14 spell levels left.
You didn't know any spells.
Your spell library was empty.

Dungeon Overview and Level Annotations

Branches:
Dungeon (14/15)            Temple (0/1) D:7            Lair (5/5) D:9
 Shoals (0/4) Lair:2       Spider (0/4) Lair:3        Slime (0/5) Lair:5
    Orc (0/2) D:10        Ossuary (visited)
 Vaults: D:13-14

Altars:
Ashenzari
Cheibriados
Elyvilon
Fedhas
Gozag
Hepliaklqana
Makhleb
Nemelex Xobeh
Okawaru
Qazlal
Sif Muna
Trog
Uskayaw
Wu Jian
The Shining One
Jiyva

Shops:
D:3 (   D:9 (

Annotations:
D:13 Nessos


Innate Abilities, Weirdness & Mutations

You have razor-sharp teeth.
Your natural rate of healing is unusually fast.
When hurt, damage is shared between your health and your magic reserves.
Your bite disrupts and absorbs the magic of your enemies.
Potions cannot restore your health.


Message History

Nessos seems to speed up.
Nessos shoots an arrow.
The arrow hits you! The arrow burns you.
You are poisoned.
Nessos shoots an arrow.
The arrow hits you! The arrow burns you.
You see here 28 gold pieces.
Your skin crawls.
You feel strong-willed.
You feel very sick.
Nessos shoots an arrow.
The arrow hits you. The arrow burns you.
Nessos shoots an arrow.
You block the arrow.
You feel very sick.
Nessos shoots an arrow.
The arrow hits you. The arrow burns you.
You are more poisoned.
Nessos shoots an arrow.
The arrow hits you. The arrow burns you.
You see here 19 gold pieces.
You feel very sick.
Nessos mumbles some strange words.
Nessos blinks!
Nessos shoots an arrow.
The arrow hits you but does no damage.
The deep elf pyromancer gestures wildly while chanting.
The deep elf pyromancer blinks!
You feel very sick.
Nessos shoots an arrow.
You block the arrow.
Nessos shoots an arrow.
The arrow hits you! The arrow burns you.
You are more poisoned.
Nessos shoots an arrow.
The arrow hits you!
* * * LOW HITPOINT WARNING * * *
The arrow burns you.
* * * LOW HITPOINT WARNING * * *
You feel extremely sick.
Nessos shoots an arrow.
You block the arrow.
There is a stone staircase leading down here.
Unknown command.
You feel very sick.
Nessos shoots an arrow.
The arrow hits you!
* * * LOW HITPOINT WARNING * * *
The arrow burns you.
* * * LOW HITPOINT WARNING * * *
Nessos shoots an arrow.
You block the arrow.
You climb downwards.
You die...

##########
#......).>
#.@.......
#.....?...
...........
####........
#........
#.######+
#.# #.#


There were no monsters in sight!

Vanquished Creatures
  Gastronok (D:9)
  A dire elephant (Lair:5)
  Josephine (Lair:5)
  A fire dragon (Lair:5)
  Erolcha (D:9)
  3 hydras
  Erica (D:8)
  A catoblepas (Lair:5)
  7 boulder beetles
  A tengu warrior (D:11)
  8 death yaks
  9 two-headed ogres
  3 skysharks
  A fire crab (shapeshifter) (D:11)
  A skeletal warrior (D:8)
  An orb spider (Lair:3)
  A wizard (D:11)
  A swamp dragon (Lair:5)
  Pikel (D:5)
  2 lindwurms (Lair:5)
  A deep elf pyromancer (D:12)
  4 manticores
  5 cyclopes
  16 elephants
  4 black mambas
  A gargoyle (D:11)
  A torpor snail (Lair:1)
  Maggie (D:8)
  9 cane toads
  Psyche (D:9)
  An unseen horror (D:12)
  4 rime drakes
  A komodo dragon (Lair:4)
  A freezing wraith (D:12)
  A tengu conjurer (D:11)
  2 hornets
  3 trolls
  Grinder (D:3)
  3 polar bears (Lair:1)
  Prince Ribbit (D:5)
  6 dream sheep (Lair:5)
  30 blink frogs
  8 slime creatures (D:12)
  2 vampires
  A centaur simulacrum (D:11)
  A shadow (D:11)
  5 wyverns
  41 yaks
  7 wraiths
  Eustachio (D:3)
  A steam dragon (Lair:5)
  8 basilisks
  2 vampire mosquitoes (D:12)
  A redback (shapeshifter) (D:11)
  Edmund (D:4)
  6 acid dragons
  16 water moccasins
  A swamp drake (shapeshifter) (D:11)
  Duvessa (D:5)
  5 orc warriors
  3 black bears (Lair:1)
  2 ice beasts
  2 sky beasts (D:6)
  2 ogres (D:5)
  5 centaurs
  A lemure (D:5)
  23 wolves
  3 phantoms
  2 elf zombies (Ossuary)
  4 kobold brigands
  14 bullfrogs
  A scorpion (D:6)
  Dowan (D:5)
  10 killer bees
  6 howler monkeys
  A crimson imp (D:11)
  A centaur zombie (D:5)
  2 bullfrog zombies (D:5)
  3 hounds
  5 jellies
  Crazy Yiuf (D:3)
  3 bullfrog skeletons (D:5)
  9 orc priests
  A sleepcap (D:8)
  2 gnoll boudas
  6 iguanas
  Terence (D:3)
  11 orc wizards
  4 hell rats (Lair:5)
  A hound zombie (D:5)
  2 mummies (Ossuary)
  Robin (D:4)
  20 gnolls
  10 adders
  2 river rats (D:9)
  A white imp (D:11)
  A howler monkey simulacrum (D:11)
  An ufetubus (D:6)
  A worm (D:9)
  2 dart slugs
  36 orcs
  6 bats
  10 endoplasms
  4 giant cockroaches
  14 goblins
  13 hobgoblins
  7 jackals
  17 kobolds
  7 quokkas
  5 ball pythons
  A frilled lizard (D:2)
  2 gnoll zombies (Ossuary)
  5 goblin zombies (Ossuary)
  3 hobgoblin zombies (Ossuary)
  2 orc zombies (Ossuary)
  10 rats
  A spectral goblin (D:10)
565 creatures vanquished.

Vanquished Creatures (collateral kills)
  A catoblepas (Lair:4)
  Urug (Lair:5)
  An elephant (Lair:4)
  A cane toad (Lair:5)
  A rime drake (Lair:5)
  A komodo dragon (Lair:5)
  A polar bear (Lair:5)
  4 blink frogs (Lair:4)
  3 dream sheep (Lair:5)
  5 wolves
19 creatures vanquished.

Vanquished Creatures (others)
  A wolf (Lair:5)
1 creature vanquished.

Grand Total: 585 creatures vanquished

Notes
Turn   | Place    | Note
-------+----------+-------------------------------------------
     0 | D:1      | jejorda2 the Vine Stalker Berserker began the quest for the
                  | Orb.
     0 | D:1      | Reached XP level 1. HP: 11/11 MP: 2/2
   213 | D:1      | Reached skill level 1 in Short Blades
   250 | D:1      | Reached XP level 2. HP: 16/16 MP: 3/3
   423 | D:1      | Found a faded altar of an unknown god.
   517 | D:1      | Reached XP level 3. HP: 12/20 MP: 4/4
   565 | D:1      | Reached ** piety under Trog
  1254 | D:2      | Identified the staff of cold "Xufyifan" {rF++ rC+ Str+5
                  | Dex+3}
  1366 | D:2      | Gained mutation: Your natural rate of healing is unusually
                  | fast. [Vine Stalker growth]
  1366 | D:2      | Reached XP level 4. HP: 22/24 MP: 5/5
  1643 | D:3      | Found a transporter.
  1643 | D:3      | Found Lisefim's Antique Weapon Shoppe.
  1760 | D:3      | Noticed Terence
  1761 | D:3      | Found a broken altar of Ashenzari.
  1778 | D:3      | Killed Terence
  1779 | D:3      | Reached XP level 5. HP: 26/28 MP: 6/6
  1854 | D:3      | Noticed Grinder
  1879 | D:3      | Killed Grinder
  1880 | D:3      | Reached XP level 6. HP: 33/33 MP: 7/7
  2028 | D:3      | Reached skill level 5 in Short Blades
  2157 | D:3      | Found a runed translucent door.
  2158 | D:3      | Noticed Crazy Yiuf
  2164 | D:3      | Killed Crazy Yiuf
  2165 | D:3      | Reached XP level 7. HP: 38/38 MP: 8/8
  2248 | D:3      | Found a transporter.
  2378 | D:4      | Noticed Eustachio
  2384 | D:4      | Found a blossoming altar of Fedhas.
  2403 | D:3      | Killed Eustachio
  2513 | D:4      | Reached *** piety under Trog
  2716 | D:4      | Reached skill level 5 in Fighting
  2837 | D:4      | Noticed Edmund
  2855 | D:4      | Noticed Robin
  2862 | D:4      | Killed Edmund
  2873 | D:4      | Killed Robin
  2883 | D:4      | Gained mutation: You have razor-sharp teeth. [Vine Stalker
                  | growth]
  2883 | D:4      | Reached XP level 8. HP: 31/43 MP: 9/9
  2895 | D:4      | Found a hide-covered altar of Uskayaw.
  3001 | D:5      | Entered Level 5 of the Dungeon
  3159 | D:5      | Identified a scroll of acquirement
  3159 | D:5      | Acquired the +8 quick blade "Aplug" {drain, Int+2}
  3179 | D:5      | Noticed Prince Ribbit
  3189 | D:5      | Killed Prince Ribbit
  3251 | D:5      | Reached XP level 9. HP: 48/48 MP: 10/10
  3273 | D:5      | Reached **** piety under Trog
  3417 | D:5      | Noticed Dowan
  3447 | D:5      | Killed Dowan
  3452 | D:5      | Found a shimmering blue altar of Sif Muna.
  3456 | D:5      | Noticed Duvessa
  3470 | D:5      | Killed Duvessa
  3471 | D:5      | Reached skill level 1 in Throwing
  3473 | D:5      | Found a bloodstained altar of Trog.
  3552 | D:5      | Reached skill level 5 in Armour
  3555 | D:5      | Noticed Pikel
  3586 | D:5      | Killed Pikel
  3599 | D:5      | Found an iron altar of Okawaru.
  3955 | D:6      | Found a sand-covered staircase.
  3962 | Ossuary  | Entered an ossuary
  4057 | Ossuary  | Reached XP level 10. HP: 55/55 MP: 11/11
  4166 | D:6      | Reached ***** piety under Trog
  4322 | D:6      | Found a burning altar of Makhleb.
  4504 | D:6      | Found a white marble altar of Elyvilon.
  4787 | D:7      | Reached skill level 9 in Shields
  4787 | D:7      | Reached XP level 11. HP: 58/58 MP: 12/12
  4919 | D:7      | Identified the +7 scale mail of Least Resistance {Will+}
  4955 | D:7      | Found a staircase to the Ecumenical Temple.
  5334 | D:8      | Found the +5 scythe "Finisher" {speed, execute}
  5338 | D:8      | Noticed a skeletal warrior
  5353 | D:8      | Killed a skeletal warrior
  5397 | D:8      | Noticed Erica
  5409 | D:8      | Killed Erica
  5529 | D:8      | Found an opulent altar of Gozag.
  5700 | D:8      | Found a stormy altar of Qazlal.
  5808 | D:8      | Noticed Maggie
  5818 | D:8      | Killed Maggie
  5819 | D:8      | Reached skill level 5 in Throwing
  5819 | D:8      | Reached skill level 10 in Shields
  6419 | D:9      | Noticed Gastronok
  6434 | D:9      | Killed Gastronok
  6538 | D:9      | Noticed Psyche
  6540 | D:9      | Noticed a cyclops
  6547 | D:9      | Killed Psyche
  6558 | D:9      | Killed a cyclops
  6585 | D:9      | Noticed Erolcha
  6599 | D:9      | Killed Erolcha
  6608 | D:9      | Noticed a death yak
  6625 | D:9      | Killed a death yak
  6626 | D:9      | Reached XP level 12. HP: 65/65 MP: 13/13
  6649 | D:9      | Noticed a two-headed ogre
  6676 | D:9      | Noticed a death yak
  6678 | D:9      | Found a staircase to the Lair.
  6678 | D:9      | Noticed a death yak
  6692 | D:9      | Killed a death yak
  6693 | D:9      | Reached skill level 11 in Shields
  6698 | D:9      | Killed a death yak
  6859 | D:9      | Found a snail-covered altar of Cheibriados.
  6906 | D:9      | Killed a two-headed ogre
  6924 | D:9      | Found Teohaun's Antique Weapon Shop.
  7001 | D:9      | Found an ornate altar of the Wu Jian Council.
  7001 | D:9      | Found a sparkling altar of Nemelex Xobeh.
  7055 | D:10     | Entered Level 10 of the Dungeon
  7070 | D:10     | Identified the +4 falchion of Discretion {flame, *Rage
                  | Will+ Dex+4 SInv}
  7174 | D:10     | Found a staircase to the Orcish Mines.
  7277 | D:10     | Noticed a two-headed ogre
  7285 | D:10     | Killed a two-headed ogre
  8030 | D:10     | Found a hazy altar of Hepliaklqana.
  8133 | D:10     | Found a glowing golden altar of the Shining One.
  8426 | Lair:1   | Entered Level 1 of the Lair of Beasts
  8441 | Lair:1   | Received a gift from Trog
  8493 | Lair:1   | Reached skill level 12 in Shields
  8937 | Lair:1   | Noticed a boulder beetle
  8959 | Lair:1   | Killed a boulder beetle
  9371 | Lair:1   | Reached skill level 10 in Fighting
  9374 | Lair:1   | Reached skill level 13 in Shields
  9394 | Lair:2   | Noticed a seven-headed hydra
  9402 | Lair:2   | Killed a seven-headed hydra
  9403 | Lair:2   | Reached XP level 13. HP: 59/72 MP: 11/14
  9626 | Lair:2   | Found a staircase to the Shoals.
 10403 | Lair:3   | Reached skill level 14 in Shields
 10518 | Lair:3   | Reached ****** piety under Trog
 10640 | Lair:3   | Identified the ring of Hifixzuu {rC++ Will+ Int-4}
 10685 | Lair:3   | Found a hole to the Spider Nest.
 10890 | Lair:4   | Reached skill level 1 in Evocations
 10910 | Lair:4   | Identified the amulet "Eryidd" {Reflect rN+ Regen+ SH+5}
 11131 | Lair:4   | Reached XP level 14. HP: 80/80 MP: 15/15
 11291 | Lair:4   | You fall into a shaft and drop 1 floor!
 11291 | Lair:5   | Entered Level 5 of the Lair of Beasts
 11313 | Lair:5   | Noticed Urug
 11323 | Lair:5   | Killed Urug
 11393 | Lair:5   | Identified the +7 rapier of Disorder {freeze, rN+ Int+3}
 11508 | Lair:5   | Identified the +9 falchion "Paikkeirr" {heavy, rN+} (Trog
                  | gifted it to you on level 5 of the Lair of Beasts)
 11508 | Lair:5   | Received a gift from Trog
 11532 | Lair:5   | Identified the +1 leather armour of Cus Ide {Rampage}
 11534 | Lair:5   | Found a viscous altar of Jiyva.
 11535 | Lair:5   | Found a staircase to the Slime Pits.
 11621 | Lair:5   | Reached skill level 15 in Shields
 11654 | Lair:5   | Reached skill level 5 in Evocations
 13710 | Lair:5   | Noticed Josephine
 13741 | Lair:5   | Killed Josephine
 13827 | Lair:5   | Reached XP level 15. HP: 84/84 MP: 16/16
 14376 | D:11     | Acquired the amulet "Qeukhlaz" {Faith -Cast rPois rN+}
 14475 | D:11     | Received a gift from Trog
 14678 | D:11     | Reached skill level 16 in Shields
 15793 | D:12     | Received a gift from Trog
 16652 | D:13     | Noticed Nessos
 16663 | D:13     | HP: 4/84 [Nessos/arrow (7)]
 16663 | D:13     | HP: 1/84 [Nessos/arrow (3)]
 16664 | D:14     | Succumbed to Nessos's poison

Illustrated notes

Levels and vault maps discovered:
D:1:      grunt_arrival_crossed_arrows, layout_basic,
          shapermc_ecumenical_altar_notcrosses, minmay_heptomino_w4
D:2:      layout_basic
D:3:      layout_rooms, cheibrodos_ashenzari_chains, serial_shops,
          nicolae_shop_drivethru, minmay_misc_feat_pillars, uniq_grinder,
          uniq_terence, uniq_crazy_yiuf_cottage
D:4:      layout_rooms, nicolae_uskayaw_murder_on_the_dancefloor,
          lemuel_crystal_altar, uniq_robin, uniq_eustachio, uniq_edmund
D:5:      layout_rooms, nzn_overflow_gifts_of_might_and_magic, okawaru_trees_2,
          serial_undead, serial_undead_a, serial_undead_b, serial_undead_c,
          serial_undead_a, uniq_duvessa, uniq_pikel, uniq_prince_ribbit1
D:6:      layout_rooms, elyvilon_altar_1, lightli_temple_of_fire,
          enter_ossuary_5
D:7:      layout_basic, minmay_temple_entry_wispy
D:8:      layout_loops_corners, kennysheep_little_box, grunt_gozag_statues,
          minmay_guarded_unrand_finisher, uniq_maggie, uniq_erica
D:9:      layout_roguey, gammafunk_temple_overflow_wave, slow_altar_2,
          dpeg_lair_monsters, serial_shops, nicolae_shop_real_fake_doors,
          minmay_stone_trees_small, st_stairs_14, uniq_erolcha, uniq_gastronok,
          uniq_psyche
D:10:     layout_loops_ring, tso_altar, nicolae_hepliaklqana_monster_ancestors,
          david_orc_1_choice, hangedman_decor_points
D:11:     minmay_the_grid_net [minmay_the_grid_outer_diamond,
          minmay_the_grid_eight, minmay_the_grid_spin_star,
          minmay_the_grid_rooms, minmay_the_grid_small_cups,
          minmay_the_grid_prize_four_corners], layout_cave_pools,
          minmay_fire_ice_demons
D:12:     layout_layer_cave, kennysheep_generic_room_14
D:13:     layout_long_grid, uniq_nessos
D:14:     layout_irregular_city, grunt_vaults_entry_fortified, nicolae_wwwww,
          roderic_batcave, uniq_louise
Lair:1:   beast_lair_carwin_large_2, layout_long_grid,
          chequers_serial_rivers_room_a, chequers_serial_rivers_micro_c,
          infiniplex_staircase_pool_2
Lair:2:   layout_misc_corridors, minmay_shoals_entry_centaurs,
          nzn_sisyphean_effort
Lair:3:   layout_big_grid, nicolae_spider_entry_orb_guardian
Lair:4:   wad_woods_structure_01, layout_gridlike, minmay_hedge_maze,
          serial_bayou_lagoon_b
Lair:5:   hangedman_lair_in_review, layout_regular_city,
          guppyfry_lair_end_dragon, nicolae_slime_entry_slimehenge,
          uniq_josephine, uniq_urug

Skill      XL: |  1  2  3  4  5  6  7  8  9 10 11 12 13 14 15 |
---------------+----------------------------------------------+-----
Short Blades   | 1 2 3 4 5 6 7 |  7.7
Fighting       | 3 4 5 6 7 8 10 12 | 12.0
Armour         | 3 5 6 |  6.0
Throwing       | 3 4 5 6 7 9 |  9.4
Shields        | 9 10 13 14 15 16 | 16.4
Evocations     | 2 7 8 |  8.0
Long Blades    | |  2.6
Dodging        | |  1.5

Action                     |  1- 3 |  4- 6 |  7- 9 | 10-12 | 13-15 || total
---------------------------+-------+-------+-------+-------+-------++-------
  Melee: Falchion          |    26 |       |       |       |     4 ||    30
         Bite              |    17 |    19 |   121 |   201 |   810 ||  1168
         Short sword       |    68 |    74 |   168 |       |       ||   310
         Punch             |     1 |     1 |     4 |       |       ||     6
         Quick blade       |       |       |   231 |   513 |  1605 ||  2349
  Throw: Stone             |       |     4 |    10 |    21 |     3 ||    38
         Dart              |       |       |     2 |     2 |    38 ||    42
 Invoke: Berserk           |       |     4 |     4 |     6 |     8 ||    22
         Trog's Hand       |       |     1 |     1 |       |     4 ||     6
         Brothers in Arms  |       |       |       |       |     3 ||     3
    Use: Scroll            |       |       |    12 |    10 |     4 ||    26
         Potion            |       |       |       |     1 |     2 ||     3
   Stab: Invisible         |       |       |     2 |       |       ||     2
 Armour: Animal skin       |    14 |       |       |       |       ||    14
         Leather armour    |     4 |     9 |       |       |       ||    13
         Chain mail        |       |    20 |    18 |       |       ||    38
         Scale mail        |       |       |   102 |    94 |   202 ||   398
  Dodge: Dodged            |    53 |    34 |    99 |    87 |   112 ||   385
  Block: Tower shield      |       |       |       |   237 |   703 ||   940
         Reflection        |       |       |       |       |     8 ||     8
